 Dungeon Crawl Stone Soup version 0.17-a0-1481-gfdcec5c (webtiles) character file.

268 amnekian the Slasher (level 6, -7/47 HPs)
             Began as a Human Fighter on July 4, 2015.
             Killed from afar by a hobgoblin (21 damage)
             ... with a wand of cold
             ... on level 3 of the Dungeon.
             The game lasted 00:17:20 (4147 turns).

amnekian the Slasher (Human Fighter)                Turns: 4147, Time: 00:17:20

Health: -7/47      AC:  6    Str: 17    XL:     6   Next: 46%
Magic:  6/6        EV:  5    Int:  8    God:
Gold:   138        SH: 13    Dex: 14    Spells: 0 memorised, 5 levels left

rFire  . . .     SeeInvis .     a - +0 long sword
rCold  . . .     Clarity  .     v - +0 scale mail
rNeg   . . .     SustAt   .     E - +0 large shield
rPois  .         Gourm    .     (no helmet)
rElec  .         Spirit   .     (no cloak)
rCorr  .         Warding  .     (no gloves)
rMut   .         Stasis   .     (no boots)
MR     .....                    (no amulet)
Stlth  ..........               (no ring)
                                (no ring)

@: not resistant to hostile enchantments, extremely unstealthy
A: no striking features
a: no special abilities


You were on level 3 of the Dungeon.
You were not hungry.

You visited 1 branch of the dungeon, and saw 3 of its levels.

You collected 138 gold pieces.

Inventory:

Hand weapons
 a - a +0 long sword (weapon)
 b - a +0 hunting sling
Missiles
 g - 40 poisoned needles
 h - 40 stones (quivered)
 u - 9 sling bullets of flame
 z - 4 tomahawks
 H - 24 sling bullets
Armour
 c - a +0 shield
 v - a +0 scale mail (worn)
 E - a +0 large shield (worn)
Jewellery
 p - a cursed amulet of inaccuracy {unknown}
Scrolls
 f - a scroll of enchant weapon {unknown}
 i - 2 scrolls of noise {unknown}
 j - 6 scrolls of remove curse {unknown}
 k - 2 scrolls of fog {unknown}
 l - 5 scrolls of teleportation {unknown}
 m - 4 scrolls of identify {unknown}
 q - a scroll of magic mapping {unknown}
 t - a scroll of amnesia {unknown}
 y - a scroll of blinking {unknown}
 B - 2 scrolls of recharging {unknown}
 G - a scroll of random uselessness {unknown}
Potions
 d - a potion of might
 o - a potion of flight {unknown}
 r - a potion of brilliance {unknown}
 s - 2 potions of invisibility {unknown}
 C - a potion of agility {unknown}
 D - a potion of degeneration {unknown}
 F - a potion of haste {unknown}
Comestibles
 e - 2 bread rations
 n - a meat ration
 w - a beef jerky
 x - a royal jelly


   Skills:
 - Level 3.0 Fighting
 + Level 6.3 Long Blades
 - Level 3.0 Armour
 - Level 3.0 Shields


You had 5 spell levels left.
You didn't know any spells.

Dungeon Overview and Level Annotations

Branches:
Dungeon (3/15)

Altars:


Message History

You barely miss the orc.
The hobgoblin throws a stone.
You block the stone. The orc hits you but does no damage.
You closely miss the orc.
The hobgoblin throws a stone.
You block the stone. The orc barely misses you.
The hobgoblin throws a stone.
The stone hits you but does no damage.
You closely miss the orc. You block the orc's attack.
You slash the orc!
You kill the orc!
The hobgoblin zaps a wand.
The bolt of cold hits you!
It is a wand of cold.
The orc hits you with a short sword.
You hit the orc but do no damage.
The hobgoblin zaps a wand.
The bolt of cold hits you! You block the orc's attack.
The hobgoblin zaps a wand.
The bolt of cold hits you!
* * * LOW HITPOINT WARNING * * *
Read which item? (? for menu, Esc to quit)
Okay, then.
The hobgoblin throws a stone.
The stone hits you but does no damage.
You see here a stone.
The hobgoblin zaps a wand.
The bolt of cold hits you!
You die...

##### ....# ############
....# #..........# ....#
#..........#
....############..........###
....o.......o)oo......>...'.#
.............###@.........#.#
.(o.########..##...g......#.#
..### ##.##..........#)# ..#
#.##..........#.# #.'. #....#
#..#######.####.# ######....#
##.## #.# #.# #.......# #..#
#.# #.# #.......#
##.######.####)# # #.......#
##.#.#.#.#.#.##.#


You could see 3 orcs and a hobgoblin.

Vanquished Creatures
  The ghost of 4thArraOfDagon the Skirmisher, a weakling CeAK of Lugonu (D:3)
  An orc wizard (D:3)
  A worker ant (D:3)
  3 gnolls (D:3)
  6 adders
  6 worms
  6 orcs (D:3)
  4 giant cockroaches
  11 hobgoblins
  4 kobolds
  10 bats
  3 giant geckos
  2 giant newts
  7 goblins
  2 quokkas
  8 rats
75 creatures vanquished.

Notes
Turn   | Place    | Note
--------------------------------------------------------------
     0 | D:1      | amnekian the Human Fighter began the quest for the Orb.
     0 | D:1      | Reached XP level 1. HP: 18/18 MP: 1/1
   375 | D:1      | Reached XP level 2. HP: 21/24 MP: 2/2
   923 | D:1      | Reached XP level 3. HP: 27/29 MP: 3/3
  1612 | D:2      | Reached XP level 4. HP: 35/35 MP: 4/4
  1630 | D:2      | Reached skill level 4 in Long Blades
  2777 | D:3      | Reached XP level 5. HP: 33/41 MP: 5/5
  2985 | D:3      | Reached skill level 5 in Long Blades
  3357 | D:3      | Noticed 4thArraOfDagon's ghost (weakling CeAK)
  3619 | D:3      | Killed 4thArraOfDagon's ghost
  3619 | D:3      | Reached XP level 6. HP: 34/47 MP: 6/6
  3620 | D:3      | Reached skill level 6 in Long Blades
  4147 | D:3      | Killed from afar by a hobgoblin

Vault maps used:
D:1:      dpeg_arrival_shrine, item_on_display_a
D:2:      minmay_door_path
D:3:      supply_closet_lemuel, minivault_23, minmay_strange_pillars,
          kennysheep_cross_room

Action                   |  1- 3 |  4- 6 || total
-------------------------+-------+-------++-------
Melee: Long sword        |   106 |   196 ||   302
 Fire: Hunting sling     |     8 |    50 ||    58
Throw: Stone             |    18 |    18 ||    36
  Use: Potion            |       |     1 ||     1
  Eat: Chunk             |     2 |     7 ||     9
       Pizza             |       |     1 ||     1
